 Dungeon Crawl Stone Soup version 0.26-a0-49-g0e6732e0a6 (webtiles) character file.

Game seed: 7538338765487194291

165 Maedhros the Sneak (level 5, -2/33 HPs)
             Began as an Octopode Artificer on June 4, 2020.
             Slain by a gnoll
             ... wielding a +0 spear
              (13 damage)
             ... on level 5 of the Dungeon.
             The game lasted 00:03:53 (458 turns).

Maedhros the Sneak (Octopode Artificer)              Turns: 458, Time: 00:03:54

Health: -2/33      AC:  1    Str: 12    XL:     5   Next: 46%
Magic:  7/7        EV: 13    Int: 13    God:
Gold:   86         SH:  4    Dex: 13    Spells: 4/4 levels left

rFire    . . .     SeeInvis +     - Unarmed
rCold    . . .     Gourm    .   p - +0 buckler
rNeg     . . .     Faith    .   (helmet restricted)
rPois    .         Spirit   .   (no amulet)
rElec    .         Reflect  .   (no ring)
rCorr    .         Harm     .   i - ring of see invisible
MR       .....                  (no ring)
Stlth    ++++......             (no ring)
HPRegen  0.11/turn              (no ring)
MPRegen  0.10/turn              (no ring)
                                (no ring)
                                (no ring)

@: no status effects
A: almost no armour, stealthy swim, amphibious, 8 rings, constrict 8, camouflage
1, gelatinous body 1
a: no special abilities


You were on level 5 of the Dungeon.
You were not hungry.

You visited 1 branch of the dungeon, and saw 6 of its levels.

You collected 86 gold pieces.

Inventory:

Hand Weapons
 a - a +0 short sword
 k - a +0 hunting sling
Missiles
 g - 4 boomerangs of dispersal
 j - 18 poisoned darts (quivered)
 l - 23 stones
Armour
 p - a +0 buckler (worn)
Jewellery
 i - a ring of see invisible (right tentacle)
Wands
 b - a wand of flame (9)
 c - a wand of enslavement (10)
 d - a wand of random effects (2)
Scrolls
 n - a scroll of enchant armour
 o - a scroll of fog
Potions
 e - a potion of flight
Comestibles
 f - a ration
 q - 2 chunks of flesh


   Skills:
 + Level 1.4 Fighting
 - Level 1.0 Short Blades
 + Level 2.2 Dodging
 + Level 6.2 Stealth
 + Level 1.0 Shields
 * Level 1.3 Unarmed Combat
 - Level 3.2 Evocations


You had 4 spell levels left.
You didn't know any spells.
Your spell library was empty.

Dungeon Overview and Level Annotations

Branches:
Dungeon (6/15)
 Temple: D:4-7

Altars:
Ashenzari
Nemelex Xobeh
Okawaru
Qazlal
Trog


Innate Abilities, Weirdness & Mutations

You cannot wear most types of armour.
You are very stealthy in the water. (Stealth+)
You are amphibious.
You can wear up to eight rings at the same time.
You can use your tentacles to constrict eight enemies at once.
Your skin changes colour to match your surroundings (Stealth+).
Your rubbery body absorbs attacks. (AC +1, EV +1)


Message History

Unknown command.
Unknown command.
You tentacle-slap the gnoll but do no damage.
You constrict the gnoll. The gnoll hits you with a +0 spear!
Your gnoll shaman hits the gnoll with a +0 whip.
Unknown command.
You tentacle-slap the gnoll.
The gnoll is lightly wounded.
You constrict the gnoll. The gnoll misses you. The hound bites you.
Your gnoll shaman hits the gnoll but does no damage.
Okay, then.
Evoke which item? (* to show all) (? for menu, Esc to quit)
Aiming: Enslavement
Press: ? - help, Shift-Dir - straight line, f - gnoll, p - gnoll shaman
Aim: a gnoll, wielding a +0 spear (moderately wounded, constricted by you, chance to defeat MR: 64%)
The hound is charmed.
You constrict the gnoll, but do no damage.
An adder comes into view.
Your hound bites the gnoll.
The gnoll hits you with a +0 spear!
You die...

#...... .....S ..
## ...>. ...
.##...##... ##
.....#....
#..##.......#..
#..#.ghg.# ##...
#....@)g.##.....
#.............#
#.............##.
###..............
##.........)...
#..............
##.............
#.......#.....
##.....###....


You could see 2 gnolls, an adder, a friendly gnoll shaman (charmed) and a
friendly hound (charmed).

Vanquished Creatures
  A sky beast (D:4)
  An iguana (D:5)
  A gnoll (D:5)
  An adder (D:4)
  An adder skeleton (D:4)
  2 dart slugs (D:1)
  3 orcs
  3 giant cockroaches
  3 goblins
  5 hobgoblins
  3 bats
  A jackal skeleton (D:4)
  A kobold (D:2)
  3 rats
29 creatures vanquished.

Vanquished Creatures (collateral kills)
  A gnoll (D:5)
  2 orcs (D:5)
  A giant cockroach zombie (D:5)
4 creatures vanquished.

Grand Total: 33 creatures vanquished

Notes
Turn   | Place    | Note
-------+----------+-------------------------------------------
     0 | D:1      | Maedhros the Octopode Artificer began the quest for the
                  | Orb.
     0 | D:1      | Reached XP level 1. HP: 13/13 MP: 3/3
    23 | D:1      | Reached skill level 2 in Stealth
    72 | D:1      | Reached XP level 2. HP: 10/18 MP: 4/4
    80 | D:1      | Reached skill level 3 in Stealth
   216 | D:2      | Reached skill level 4 in Stealth
   244 | D:3      | Reached XP level 3. HP: 9/23 MP: 5/5
   301 | D:4      | Noticed a sky beast
   310 | D:4      | Killed a sky beast
   310 | D:4      | Reached skill level 6 in Stealth
   310 | D:4      | Reached XP level 4. HP: 16/28 MP: 6/6
   310 | D:4      | Reached XP level 5. HP: 19/33 MP: 7/7
   314 | D:4      | Reached skill level 1 in Unarmed Combat
   323 | D:4      | Found an iron altar of Okawaru.
   354 | D:4      | You fall into a shaft and drop 2 floors!
   354 | D:6      | Found a stormy altar of Qazlal.
   354 | D:6      | Found a sparkling altar of Nemelex Xobeh.
   354 | D:6      | Found a shattered altar of Ashenzari.
   391 | D:5      | Entered Level 5 of the Dungeon
   392 | D:5      | Noticed an ogre
   428 | D:5      | Found a bloodstained altar of Trog.
   453 | D:5      | Reached skill level 1 in Shields
   458 | D:5      | Slain by a gnoll

Illustrated notes

Levels and vault maps discovered:
D:1:      erik_arrival_triangle_medium, layout_basic, minmay_misc_feat_pillars,
          minmay_quantized
D:2:      layout_rooms, hex_intersection
D:3:      layout_rooms, first_ration, uniq_terence
D:4:      minmay_inner_zag, layout_cave_pods, minmay_temple_entry_nine_rooms,
          okawaru_ov_weapons_minmay
D:5:      layout_cave_pools, overflow_temple_1_default, serial_shops, shop,
          supply_closet_lemuel, uniq_duvessa
D:6:      layout_basic, gammafunk_temple_overflow_forgotten, serial_shops,
          shop_fountains, gammafunk_ghost_necromancy, uniq_eustachio,
          uniq_maggie

Skill      XL: |  1  2  3  4  5 |
---------------+----------------+-----
Stealth        | 2 4 6 |  6.2
Unarmed Combat | 1 |  1.3
Shields        | 1 |  1.0
Fighting       | |  1.4
Short Blades   | |  1.0
Dodging        | |  2.2
Evocations     | |  3.2

Action                   |  1- 3 |  4- 6 || total
-------------------------+-------+-------++-------
Melee: Short sword       |    44 |       ||    44
       Constrict         |    13 |     6 ||    19
       Tentacles         |     7 |     5 ||    12
       Unarmed           |       |    15 ||    15
       Punch             |       |     1 ||     1
Evoke: Wand              |     8 |    16 ||    24
  Use: Scroll            |       |     5 ||     5
 Stab: Sleeping          |     4 |       ||     4
Armor: Skin              |     4 |     1 ||     5
Dodge: Dodged            |    23 |    11 ||    34

Table legend:
 A = Non-vault XP
 B = Vault XP
 C = Vault XP percentage of total XP
 D = Non-vault monster count
 E = Vault monster count
 F = Vault count percentage of total count
                 A         B        C        D         E       F
            +---------+---------+-------+---------+---------+-------
      Total |     237 |       0 |   0.0 |      33 |       0 |   0.0
            +---------+---------+-------+---------+---------+-------
        D:1 |      16 |       0 |   0.0 |       7 |       0 |   0.0
        D:2 |      16 |       0 |   0.0 |      10 |       0 |   0.0
        D:3 |       6 |       0 |   0.0 |       3 |       0 |   0.0
        D:4 |     147 |       0 |   0.0 |       4 |       0 |   0.0
        D:5 |      52 |       0 |   0.0 |       9 |       0 |   0.0
            +---------+---------+-------+---------+---------+-------
